BSA
VISTA PANTHERS @ MAUI TROPICS
09/26/2029
 
TOP OF THE 1ST
Vista Panthers batting - Pitching for Maui Tropics : RHP Ronald Cotton
Pitching: RHP Ronald Cotton
Batting: RHB Johnny Williams 0-0: Ball
1-0: Called Strike
1-1: Ball
2-1: Foul Ball, location: 2F
2-2: Foul Ball, location: 2F
2-2: Strikes out swinging
Batting: RHB Stephen Wilson 0-0: Ball
1-0: Ball
2-0: Foul Ball, location: 2F
2-1: Foul Ball, location: 2F
2-2: Ball
3-2: Ground out 6-3 (Groundball, 6)
Batting: LHB Dante Owens 0-0: Called Strike
0-1: Ball
1-1: Called Strike
1-2: Ball
2-2: Foul Ball, location: 2F
2-2: Ball
3-2: SINGLE (Line Drive, 9LS)
Batting: SHB Juan Castro 0-0: SINGLE (Groundball, 34D)
Dante Owens to second
Runner from 2nd tries for 3rd, OUT!
Top of the 1st over - 0 runs, 2 hits, 0 errors, 1 left on base; Vista 0 - Maui 0
BOTTOM OF THE 1ST
Maui Tropics batting - Pitching for Vista Panthers : RHP Dillon Nelson
Pitching: RHP Dillon Nelson
Batting: LHB Ernesto López 0-0: Called Strike
0-1: SINGLE (Line Drive, 78M)
Batting: LHB Dave Cook 0-0: Called Strike
0-1: Ball
1-1: Ball
2-1: Ball
3-1: Swinging Strike
3-2: Base on Balls
Ernesto López to second
Batting: RHB Jesús Espinoza 0-0: Ball
1-0: Foul Ball, location: 2F
1-1: SINGLE (Line Drive, 5)
Ernesto López to third
Dave Cook to second
Throwing error, E7
Ernesto López scores
Dave Cook to third
Jesús Espinoza to second
Batting: LHB Luis Antonio Torres 0-0: Swinging Strike
0-1: Swinging Strike
0-2: Ball
1-2: Strikes out swinging
Batting: LHB José Rivas 0-0: Called Strike
0-1: Foul Ball, location: 2F
0-2: Foul Ball, location: 2F
0-2: Fly out, F7 (Flyball, 7LD)
Runner from 3rd tags up, OUT at HOME
Bottom of the 1st over - 1 run, 2 hits, 1 error, 1 left on base; Vista 0 - Maui 1
TOP OF THE 2ND
Vista Panthers batting - Pitching for Maui Tropics : RHP Ronald Cotton
Batting: RHB Jake Reeves 0-0: Ball
1-0: Ball
2-0: Called Strike
2-1: Foul Ball, location: 2F
2-2: Fly out, F5 (Popup, 56S)
Batting: LHB Noriaki Sangi 0-0: Ball
1-0: SINGLE (Groundball, 6M) (infield hit)
Batting: RHB Cisco Gatán 0-0: Ball
1-0: Called Strike
1-1: Foul Ball, location: 2F
1-2: Foul Ball, location: 2F
1-2: Strikes out swinging
Batting: RHB Griswold Coleman 0-0: Ball
1-0: Foul Ball, location: 2F
1-1: Foul Ball, location: 2F
1-2: Foul Ball, location: 2F
1-2: Ball
2-2: Foul Ball, location: 2F
2-2: SINGLE (Groundball, 6MD)
Noriaki Sangi to second
Batting: LHB Ramiro Martínez 0-0: Called Strike
0-1: Called Strike
0-2: Ball
1-2: Ball
2-2: Strikes out swinging
Top of the 2nd over - 0 runs, 2 hits, 0 errors, 2 left on base; Vista 0 - Maui 1
BOTTOM OF THE 2ND
Maui Tropics batting - Pitching for Vista Panthers : RHP Dillon Nelson
Batting: RHB Michael Woodruff 0-0: Swinging Strike
0-1: Foul Ball, location: 2F
0-2: Ball
1-2: Strikes out looking
Batting: RHB Luis Alou 0-0: Ground out 4-3 (Groundball, 4)
Batting: RHB John Brown 0-0: Fly out, F8 (Flyball, 8RXD)
Bottom of the 2nd over - 0 runs, 0 hits, 0 errors, 0 left on base; Vista 0 - Maui 1
TOP OF THE 3RD
Vista Panthers batting - Pitching for Maui Tropics : RHP Ronald Cotton
Batting: RHB Johnny Williams 0-0: Swinging Strike
0-1: Called Strike
0-2: Foul Ball, location: 2F
0-2: Ground out U3 (Groundball, 34)
Batting: RHB Stephen Wilson 0-0: Called Strike
0-1: Swinging Strike
0-2: Ball
1-2: Foul Ball, location: 2F
1-2: Ball
2-2: Foul Ball, location: 2F
2-2: Foul Ball, location: 2F
2-2: SINGLE (Line Drive, 56D)
Batting: LHB Dante Owens 0-0: Called Strike
0-1: Ball
1-1: Fly out, F2 (Popup, 2R)
Batting: SHB Juan Castro 0-0: Foul Ball, location: 2F
0-1: Called Strike
0-2: Ball
1-2: Strikes out swinging
Top of the 3rd over - 0 runs, 1 hit, 0 errors, 1 left on base; Vista 0 - Maui 1
BOTTOM OF THE 3RD
Maui Tropics batting - Pitching for Vista Panthers : RHP Dillon Nelson
Batting: RHB Alfredo Ramírez 0-0: Foul Ball, location: 2F
0-1: Ground out 5-3 (Groundball, 5)
Batting: LHB Ernesto López 0-0: Ground out 6-3 (Groundball, 6)
Batting: LHB Dave Cook 0-0: Called Strike
0-1: Fly out, F5 (Popup, 5SF)
Bottom of the 3rd over - 0 runs, 0 hits, 0 errors, 0 left on base; Vista 0 - Maui 1
TOP OF THE 4TH
Vista Panthers batting - Pitching for Maui Tropics : RHP Ronald Cotton
Batting: RHB Jake Reeves 0-0: Foul Ball, location: 2F
0-1: Ball
1-1: Ball
2-1: Foul Ball, location: 2F
2-2: Ball
3-2: Strikes out swinging
Batting: LHB Noriaki Sangi 0-0: Swinging Strike
0-1: Swinging Strike
0-2: Strikes out looking
Batting: RHB Cisco Gatán 0-0: Ball
1-0: Called Strike
1-1: Called Strike
1-2: Ground out 1-3 (Groundball, 15S)
Top of the 4th over - 0 runs, 0 hits, 0 errors, 0 left on base; Vista 0 - Maui 1
BOTTOM OF THE 4TH
Maui Tropics batting - Pitching for Vista Panthers : RHP Dillon Nelson
Batting: RHB Jesús Espinoza 0-0: Ball
1-0: Swinging Strike
1-1: Foul Ball, location: 2F
1-2: Ball
2-2: SINGLE (Line Drive, 7S)
Batting: LHB Luis Antonio Torres 0-0: Foul Ball, location: 2F
0-1: Ball
1-1: Swinging Strike
1-2: Ball
2-2: Strikes out swinging
Batting: LHB José Rivas 0-0: Called Strike
0-1: Foul Ball, location: 2F
0-2: Grounds into double play, 1-6-3 (Groundball, 13)
Bottom of the 4th over - 0 runs, 1 hit, 0 errors, 0 left on base; Vista 0 - Maui 1
TOP OF THE 5TH
Vista Panthers batting - Pitching for Maui Tropics : RHP Ronald Cotton
Batting: RHB Griswold Coleman 0-0: Ball
1-0: Called Strike
1-1: Swinging Strike
1-2: Ball
2-2: Ball
3-2: Strikes out looking
Batting: LHB Ramiro Martínez 0-0: Ball
1-0: Ground out U3 (Groundball, 3)
Batting: RHB Johnny Williams 0-0: Ball
1-0: Ball
2-0: Fly out, F9 (Flyball, 9S)
Top of the 5th over - 0 runs, 0 hits, 0 errors, 0 left on base; Vista 0 - Maui 1
BOTTOM OF THE 5TH
Maui Tropics batting - Pitching for Vista Panthers : RHP Dillon Nelson
Batting: RHB Michael Woodruff 0-0: Ball
1-0: SINGLE (Line Drive, 89M)
Batting: RHB Luis Alou 0-0: Ball
1-0: Swinging Strike
1-1: Swinging Strike
1-2: Foul Ball, location: 2F
1-2: Ball
2-2: Strikes out swinging
Batting: RHB John Brown 0-0: Ball
1-0: Ball
2-0: Foul Ball, location: 2F
2-1: Grounds into double play, 4-6-3 (Groundball, 4)
Bottom of the 5th over - 0 runs, 1 hit, 0 errors, 0 left on base; Vista 0 - Maui 1
TOP OF THE 6TH
Vista Panthers batting - Pitching for Maui Tropics : RHP Ronald Cotton
Batting: RHB Stephen Wilson 0-0: Ball
1-0: Foul Ball, location: 2F
1-1: Ball
2-1: Ball
3-1: Called Strike
3-2: Strikes out swinging
Batting: LHB Dante Owens 0-0: Ball
1-0: Ball
2-0: Foul Ball, location: 2F
2-1: Ball
3-1: Foul Ball, location: 2F
3-2: Base on Balls
Batting: SHB Juan Castro 0-0: Ball
1-0: Ball
2-0: DOUBLE (Line Drive, 5D)
Dante Owens to third
Batting: RHB Jake Reeves 0-0: Swinging Strike
0-1: Called Strike
0-2: Strikes out swinging
Batting: LHB Noriaki Sangi 0-0: Foul Ball, location: 2F
0-1: Foul Ball, location: 2F
0-2: DOUBLE (Flyball, 89D)
Dante Owens scores
Juan Castro scores
Batting: RHB Cisco Gatán 0-0: Called Strike
0-1: Ball
1-1: Ball
2-1: Called Strike
2-2: DOUBLE (Flyball, 8RXD)
Noriaki Sangi scores
Batting: RHB Griswold Coleman 0-0: Called Strike
0-1: Foul Ball, location: 2F
0-2: Fly out, F4 (Line Drive, 4)
Top of the 6th over - 3 runs, 3 hits, 0 errors, 1 left on base; Vista 3 - Maui 1
BOTTOM OF THE 6TH
Maui Tropics batting - Pitching for Vista Panthers : RHP Dillon Nelson
Batting: RHB Alfredo Ramírez 0-0: Fly out, F4 (Popup, 34)
Batting: LHB Ernesto López 0-0: SOLO HOME RUN (Flyball, 9LD), Distance : 340 ft
Batting: LHB Dave Cook 0-0: Ball
1-0: Ball
2-0: Fly out, F4 (Line Drive, 4)
Batting: RHB Jesús Espinoza 0-0: Ball
1-0: Called Strike
1-1: SOLO HOME RUN (Flyball, 7LD), Distance : 362 ft
Batting: LHB Luis Antonio Torres 0-0: Foul Ball, location: 2F
0-1: Swinging Strike
0-2: Ball
1-2: SOLO HOME RUN (Line Drive, 9LD), Distance : 350 ft
Pitching: RHP Dave Riley
Batting: LHB José Rivas 0-0: Ball
1-0: Called Strike
1-1: Foul Ball, location: 2F
1-2: SOLO HOME RUN (Flyball, 9LD), Distance : 344 ft
Batting: RHB Michael Woodruff 0-0: Ball
1-0: Ground out 4-3 (Groundball, 4)
Bottom of the 6th over - 4 runs, 4 hits, 0 errors, 0 left on base; Vista 3 - Maui 5
TOP OF THE 7TH
Vista Panthers batting - Pitching for Maui Tropics : RHP Ronald Cotton
Batting: LHB Ramiro Martínez 0-0: Swinging Strike
0-1: Foul Ball, location: 2F
0-2: Ball
1-2: Ball
2-2: Fly out, F7 (Flyball, 78D)
Batting: RHB Johnny Williams 0-0: Called Strike
0-1: Swinging Strike
0-2: Strikes out looking
Batting: RHB Stephen Wilson 0-0: Called Strike
0-1: Ball
1-1: Ball
2-1: Foul Ball, location: 2F
2-2: Fly out, F6 (Popup, 56D)
Top of the 7th over - 0 runs, 0 hits, 0 errors, 0 left on base; Vista 3 - Maui 5
BOTTOM OF THE 7TH
Maui Tropics batting - Pitching for Vista Panthers : RHP Dave Riley
Batting: RHB Luis Alou 0-0: Ball
1-0: Ball
2-0: Called Strike
2-1: Ball
3-1: Foul Ball, location: 2F
3-2: Strikes out swinging
Batting: RHB John Brown 0-0: Called Strike
0-1: Ball
1-1: Ball
2-1: Ball
3-1: Swinging Strike
3-2: Strikes out looking
Batting: RHB Alfredo Ramírez 0-0: Ball
1-0: Called Strike
1-1: SINGLE (Groundball, 6MD)
Pitching: LHP António Martínez
Batting: LHB Ernesto López 0-0: Ball
1-0: Fly out, F8 (Flyball, 8RD)
Bottom of the 7th over - 0 runs, 1 hit, 0 errors, 1 left on base; Vista 3 - Maui 5
TOP OF THE 8TH
Vista Panthers batting - Pitching for Maui Tropics : RHP Ronald Cotton
Pitching: RHP César Rúbio
Batting: LHB Dante Owens 0-0: Called Strike
0-1: Foul Ball, location: 2F
0-2: Ground out 4-3 (Groundball, 4)
Batting: SHB Juan Castro 0-0: Called Strike
0-1: Ball
1-1: Foul Ball, location: 2F
1-2: Foul Ball, location: 2F
1-2: Strikes out swinging
Batting: RHB Jake Reeves 0-0: Called Strike
0-1: Foul Ball, location: 2F
0-2: Ball
1-2: Ball
2-2: Ball
3-2: SINGLE (Groundball, 6MD)
Pinch Runner at 1st Francisco Medina:
Batting: LHB Noriaki Sangi 0-0: Ball
1-0: Ball
2-0: Foul Ball, location: 2F
2-1: Foul Ball, location: 2F
2-2: Foul Ball, location: 2F
2-2: SINGLE (Line Drive, 4MD)
Francisco Medina to second
Batting: RHB Cisco Gatán 0-0: Ball
1-0: Foul Ball, location: 2F
1-1: SINGLE (Groundball, 6D)
Francisco Medina to third
Noriaki Sangi to second
Runner from 3rd tries for Home, SAFE, no throw
Pinch Runner at 2nd Ernest Russell:
Batting: RHB Griswold Coleman 0-0: Fly out, F8 (Flyball, 78D)
Top of the 8th over - 1 run, 3 hits, 0 errors, 2 left on base; Vista 4 - Maui 5
BOTTOM OF THE 8TH
Maui Tropics batting - Pitching for Vista Panthers : LHP António Martínez
Now at 2B: Ernest Russell
Now at SS: Francisco Medina
Batting: LHB Dave Cook 0-0: Ball
1-0: Ball
2-0: Foul Ball, location: 2F
2-1: SOLO HOME RUN (Flyball, 9LD), Distance : 360 ft
Pitching: RHP Carlos Ruíz
Batting: RHB Jesús Espinoza 0-0: SINGLE (Line Drive, 34D)
Batting: LHB Luis Antonio Torres 0-0: Fly out, F9 (Flyball, 9S)
Batting: LHB José Rivas 0-0: Called Strike
0-1: Foul Ball, location: 2F
0-2: Strikes out swinging
Pitching: RHP José Betancourt
Batting: RHB Michael Woodruff 0-0: Ball
1-0: Ball
2-0: Called Strike
2-1: Fly out, F7 (Flyball, 7LM)
Bottom of the 8th over - 1 run, 2 hits, 0 errors, 1 left on base; Vista 4 - Maui 6
TOP OF THE 9TH
Vista Panthers batting - Pitching for Maui Tropics : RHP César Rúbio
Pitching: LHP Kent Robinson
Batting: LHB Ramiro Martínez 0-0: Called Strike
0-1: SINGLE (Flyball, 5D)
Batting: RHB Johnny Williams 0-0: Ball
1-0: Called Strike
1-1: Swinging Strike
1-2: Ball
2-2: Foul Ball, location: 2F
2-2: Foul Ball, location: 2F
2-2: Ball
3-2: Base on Balls
Ramiro Martínez to second
Batting: RHB Stephen Wilson 0-0: Grounds into double play, 6-4-3 (Groundball, 6)
Ramiro Martínez to third
Pinch Hitting: RHB Phil Matthews 0-0: Fly out, F9 (Flyball, 9D)
Top of the 9th over - 0 runs, 1 hit, 0 errors, 1 left on base; Vista 4 - Maui 6
Saturday, December 16th, 2017 - OOTP Baseball 18.8 Build 76